 Dungeon Crawl Stone Soup version 0.23-a0-677-g07611c5 (webtiles) character file.

4 MalarOregon the Poker (level 1, -1/16 HPs)
             Began as a Merfolk Gladiator on Jan 9, 2019.
             Slain by a goblin
             ... wielding a +0 club
              (4 damage)
             ... on level 1 of the Dungeon.
             The game lasted 00:00:26 (253 turns).

MalarOregon the Poker (Merfolk Gladiator)            Turns: 253, Time: 00:00:26

Health: -1/16      AC:  4    Str: 14    XL:     1   Next: 70%
Magic:  1/1        EV: 14    Int:  7    God:
Gold:   30         SH:  0    Dex: 15    Spells: 0/0 levels left

rFire    . . .     SeeInvis .   a - +0 trident
rCold    . . .     Gourm    .   (no shield)
rNeg     . . .     Faith    .   b - +0 leather armour
rPois    .         Spirit   .   c - +0 helmet
rElec    .         Reflect  .   (no cloak)
rCorr    .         Harm     .   (no gloves)
MR       .....                  (no boots)
Stlth    +.........             (no amulet)
HPRegen  0.05/turn              (no ring)
MPRegen  0.07/turn              (no ring)

@: no status effects
A: change form in water, swift swim, stealthy swim
a: no special abilities


You were on level 1 of the Dungeon.
You were not hungry.

You visited 1 branch of the dungeon, and saw 1 of its levels.

You collected 30 gold pieces.

Inventory:

Hand Weapons
 a - a +0 trident (weapon)
Missiles
 d - 3 throwing nets (quivered) {!f}
Armour
 b - a +0 leather armour (worn)
 c - a +0 helmet (worn)
Jewellery
 g - an uncursed amulet of the gourmand {unknown}
   (You found it on level 1 of the Dungeon)
Scrolls
 i - a scroll of enchant weapon {unknown}
 j - a scroll of fog {unknown}
Potions
 f - a potion of haste {unknown}
 k - a potion of agility {unknown}
Comestibles
 e - a ration {!d}
 h - 7 chunks of flesh


   Skills:
 + Level 2.3 Fighting
 + Level 4.5 Polearms
 + Level 2.1 Throwing
 + Level 4.1 Dodging


You couldn't memorise any spells.
You didn't know any spells.
Your spell library was empty.

Dungeon Overview and Level Annotations

Branches:
Dungeon (1/15)

Altars:


Message History

No target in view!
Things that are here:
a +0 club; a hobgoblin corpse; a goblin corpse You butcher the hobgoblin corpse.
h - 5 chunks of flesh (gained 4)
You butcher the goblin corpse.
h - 7 chunks of flesh (gained 2)
Things that are here:
a +0 club; a hobgoblin skeleton; a goblin skeleton
Things that are here:
a +0 club; a hobgoblin skeleton; a goblin skeleton
i - a scroll labeled BENATT REID
Things that are here:
a +0 club; a hobgoblin skeleton; a goblin skeleton
Found 10 gold pieces and a scroll labeled QATTIT XATOEF.
You now have 22 gold pieces (gained 10).
j - a scroll labeled QATTIT XATOEF
Found a bubbling inky potion.
k - a bubbling inky potion You see here a glowing dagger.
You see here a plate armour.
Found a stone staircase leading down.
There is a stone staircase leading down here.
Found a scale mail.
Found 8 gold pieces.
You see here a scale mail.
You now have 30 gold pieces (gained 8).
Found 6 poisoned needles.
Found 10 gold pieces.
A goblin comes into view. It is wielding a +0 club.
The goblin shouts!
Attack whom?
Aim: a goblin, wielding a +0 club You reach to attack!
You barely miss the goblin. You barely miss the goblin. The goblin misses you.
You miss the goblin. The goblin hits you but does no damage.
You barely miss the goblin. The goblin hits you with a +0 club.
You closely miss the goblin. The goblin hits you with a +0 club.
You barely miss the goblin. The goblin hits you with a +0 club.
* * * LOW HITPOINT WARNING * * *
You closely miss the goblin. The goblin hits you but does no damage.
You closely miss the goblin. The goblin hits you with a +0 club.
* * * LOW HITPOINT WARNING * * *
You barely miss the goblin. The goblin hits you but does no damage.
You hit the goblin but do no damage. The goblin barely misses you.
You closely miss the goblin. The goblin completely misses you.
You barely miss the goblin. The goblin hits you with a +0 club.
* * * LOW HITPOINT WARNING * * *
You closely miss the goblin. The goblin hits you with a +0 club.
You die...

### ..# # #.# # #.# # #
# #$# #.### ##. #.#
#.... ##...##.# ####.
#....g@.+ +....
##...##.# ####. ##. #.#
## ########.# #
.........# # .#######.#
#+# #
#.....#####.#########
###.###........##......
........#####..##.#####


You could see a goblin.

Vanquished Creatures
  A goblin (D:1)
  A hobgoblin (D:1)
  A bat (D:1)
  2 rats (D:1)
5 creatures vanquished.

Notes
Turn   | Place    | Note
-------+----------+-------------------------------------------
     0 | D:1      | MalarOregon the Merfolk Gladiator began the quest for the
                  | Orb.
     0 | D:1      | Reached XP level 1. HP: 16/16 MP: 1/1
   253 | D:1      | Slain by a goblin

Vault maps used:
D:1:      ebering_trefoil_twist

Action                   || total
-------------------------++-------
Melee: Trident           ||    27
 Stab: Distracted        ||     1
Armor: Leather armour    ||     5
Dodge: Dodged            ||     7

Table legend:
 A = Non-vault XP
 B = Vault XP
 C = Vault XP percentage of total XP
 D = Non-vault monster count
 E = Vault monster count
 F = Vault count percentage of total count
                 A         B        C        D         E       F
            +---------+---------+-------+---------+---------+-------
      Total |       7 |       0 |   0.0 |       5 |       0 |   0.0
            +---------+---------+-------+---------+---------+-------
        D:1 |       7 |       0 |   0.0 |       5 |       0 |   0.0
            +---------+---------+-------+---------+---------+-------
